Map: [ESL] Ghost River

Players

MeomaikA

  • Race: Zerg Zerg
  • Spawn Location: 1:00

Silky - Winner!

  • Race: Zerg Zerg
  • Spawn Location: 11:00

Event: ESL SC2 Masters 2024 Spring (Regional)

VOD

Have the link to the VOD?

Description

Time

  • Played on: April 14, 2024, 9:58 a.m.
  • Length: 14:16

All games in this series

Show
View Real Time Build Order
Export as new Build Order

MeomaikA Zerg 

Build Orders: Pool First 

Get SALT Encoding   

  12  0:17  Spawning Pool  
  11  0:22  Drone  
  11  0:26  Drone  
  13  0:30  Drone  
  14  0:40  Overlord  
  14  1:03  Zergling x4, Queen  
  18  1:05  Zergling x2  
  19  1:17  Zergling x2  
  20  1:27  Zergling x2  
  21  1:33  Hatchery  
  20  1:43  Queen  
  22  1:52  Overlord  
  22  1:58  Extractor  
  22  1:59  Drone  
  22  2:10  Drone x2  
  22  2:11  Drone  
  22  2:14  Drone  
  26  2:19  Drone  
  27  2:22  Drone  
  27  2:35  Queen  
  29  2:51  Drone x3  
  32  2:56  Drone x3  
  35  3:04  Overlord  
  35  3:15  Roach Warren  
  35  3:18  Roach Warren  
  34  3:24  Drone  
  34  3:25  Drone x2  
  36  3:35  Drone  
  34  3:41  Evolution Chamber  
  34  3:43  Evolution Chamber  
  34  3:48  Evolution Chamber  
  31  3:55  Queen  
  34  4:05  Overlord  
  34  4:07  Overlord  
  34  4:09  Extractor  
  33  4:13  Zerg Missile Weapons Level 1  
  33  4:16  Extractor, Drone x3  
  35  4:20  Overlord  
  35  4:25  Drone x2  
  35  4:28  Drone  
  38  4:35  Drone  
  38  4:36  Drone x2  
  41  4:40  Drone x2  
  41  4:45  Roach  
  45  4:47  Roach  
  45  4:51  Roach  
  49  4:57  Roach x2  
  53  5:00  Roach  
  53  5:03  Roach  
  53  5:06  Roach  
  59  5:09  Overlord  
  59  5:13  Overlord  
  59  5:18  Overlord  
  59  5:28  Roach x4  
  67  5:32  Roach  
  67  5:33  Roach  
  71  5:37  Roach  
  71  5:38  Roach  
  75  5:44  Roach  
  75  5:46  Roach  
  75  5:47  Roach  
  81  5:50  Roach  
  83  6:00  Overlord  
  83  6:14  Overlord  
  83  6:15  Overlord  
  83  6:16  Overlord  
  83  6:19  Roach x3  
  83  6:20  Roach  
  83  6:25  Roach  
  91  6:29  Roach  
  91  6:30  Roach x2  
  91  6:31  Roach  
  91  6:36  Roach  
  89  6:41  Ravager x2  
  89  6:42  Ravager  
  89  6:44  Roach x2  
  96  6:49  Roach  
  96  6:52  Roach x2  
  93  6:54  Roach  
  93  6:56  Roach  
  93  7:00  Roach  
  99  7:03  Ravager  
  99  7:04  Ravager  
  99  7:08  Roach x2, Zergling x2  
  106  7:20  Roach x2  
  106  7:22  Roach x2  
  104  7:23  Roach  
  104  7:26  Roach  
  94  7:33  Roach  
  94  7:35  Roach  
  88  7:39  Drone x2  
  88  7:40  Roach  
  88  7:44  Roach  
  92  7:45  Roach  
  92  7:47  Roach  
  98  7:51  Roach  
  98  7:54  Roach  
  98  7:57  Roach  
  92  7:59  Roach  
  86  8:08  Roach  
  86  8:09  Roach  
  90  8:14  Drone x3  
  93  8:24  Roach  
  95  8:27  Roach  
  95  8:32  Ravager x2  
  95  8:33  Roach  
  95  8:34  Hatchery  
  100  8:35  Extractor  
  100  8:36  Roach  
  100  8:39  Roach  
  103  8:42  Roach  
  103  8:46  Roach  
  107  8:57  Overlord  
  107  9:03  Overlord  
  107  9:16  Roach x2  
  113  9:17  Roach x3  
  113  9:24  Ravager x2  
  117  9:25  Roach x3  
  117  9:26  Overlord  
  117  9:29  Lair  
  123  9:44  Overlord  
  123  9:47  Roach x4  
  123  9:49  Roach  
  123  9:52  Roach  
  135  9:55  Drone x2  
  137  10:00  Overlord  
  137  10:03  Roach  
  137  10:06  Roach  
  141  10:09  Roach  
  141  10:13  Roach  
  145  10:18  Overlord  
  145  10:19  Ravager  
  146  10:29  Zerg Missile Weapons Level 2, Glial Reconstitution  
  146  10:32  Overlord  
  146  10:38  Roach x3  
  146  10:39  Roach  
  154  10:43  Overlord  
  154  10:50  Roach  
  154  10:51  Roach  
  154  10:53  Roach  
  162  10:57  Roach  
  162  11:18  Overlord x2  
  162  11:21  Overlord  
  154  11:34  Roach  
  154  11:37  Roach  
  154  11:38  Roach  
  154  11:39  Roach x2  
  152  11:40  Roach x2  
  152  11:42  Roach x5  
  152  11:44  Roach  
  152  11:46  Roach  
  170  11:52  Ravager x2  
  172  11:54  Overlord  
  170  12:25  Roach  
  170  12:29  Overlord  
  172  12:33  Overlord x3  
  172  12:43  Roach x2  
  172  12:44  Roach  
  172  12:46  Roach  
  172  12:48  Roach x4  
  180  12:51  Roach  
  180  12:52  Roach  
  180  12:57  Ravager  
  180  12:58  Ravager x3  
  188  13:01  Ravager x3  
  188  13:02  Roach  
  188  13:05  Roach  
  195  13:09  Roach  
  195  13:12  Roach  
  199  13:17  Roach  
  193  13:21  Roach  
  193  13:25  Roach  
  189  13:27  Roach  
  174  13:34  Roach  
  174  13:36  Roach  
  174  13:39  Roach  
  176  13:45  Roach  
  176  13:47  Roach  
Show
View Real Time Build Order
Export as new Build Order

Silky Zerg - Winner!

Build Orders: Hatch First 

Get SALT Encoding   

  12  0:00  Drone  
  13  0:12  Overlord  
  13  0:16  Drone  
  14  0:31  Drone x2  
  16  0:48  Hatchery  
  15  0:51  Drone  
  15  0:55  Drone  
  17  0:59  Drone  
  18  1:05  Extractor  
  17  1:14  Spawning Pool  
  17  1:17  Drone  
  17  1:20  Drone  
  18  1:28  Drone  
  19  2:00  Zergling x8  
  19  2:01  Queen  
  24  2:11  Zergling x4  
  24  2:23  Zergling x2  
  24  2:24  Zergling x2  
  26  2:33  Overlord  
  26  2:44  Zergling x4  
  28  2:53  Zergling x2  
  29  2:58  Queen  
  29  3:03  Zergling x4  
  33  3:10  Overlord  
  33  3:11  Zergling x2  
  34  3:14  Zergling x2  
  35  3:20  Zergling x2  
  35  3:25  Overlord  
  31  3:35  Drone x4  
  31  3:39  Drone  
  36  3:42  Drone  
  36  3:46  Drone  
  36  3:48  Drone  
  38  3:51  Drone  
  38  3:53  Drone  
  40  4:02  Drone  
  41  4:08  Evolution Chamber  
  40  4:10  Hatchery  
  40  4:16  Drone x3  
  42  4:18  Drone  
  42  4:23  Drone x3  
  46  4:31  Roach Warren  
  45  4:32  Drone  
  45  4:37  Overlord  
  46  4:43  Extractor  
  46  4:44  Zerg Missile Weapons Level 1  
  46  4:45  Drone x2  
  47  4:49  Overlord  
  47  4:52  Drone  
  48  4:53  Drone  
  48  4:56  Drone x2  
  48  4:58  Drone  
  52  5:01  Drone  
  52  5:02  Drone  
  52  5:04  Drone  
  55  5:12  Roach x2  
  59  5:16  Extractor  
  59  5:19  Overlord  
  58  5:21  Roach  
  58  5:22  Roach  
  58  5:23  Drone x2  
  58  5:24  Overlord  
  64  5:29  Roach  
  64  5:31  Overlord  
  64  5:35  Roach  
  68  5:38  Roach  
  68  5:39  Roach  
  72  5:44  Extractor  
  72  5:48  Roach x4  
  79  5:52  Overlord  
  79  5:57  Roach  
  79  5:58  Roach  
  79  6:00  Roach  
  79  6:03  Overlord  
  86  6:05  Roach  
  86  6:10  Overlord  
  86  6:11  Overlord  
  88  6:15  Roach x2  
  88  6:18  Roach  
  94  6:22  Roach  
  94  6:23  Roach  
  98  6:27  Roach x2  
  98  6:31  Roach  
  85  6:38  Roach x4  
  78  6:41  Roach  
  78  6:44  Roach  
  79  6:47  Roach  
  79  6:48  Roach  
  79  6:53  Roach  
  83  6:56  Roach x2  
  83  7:00  Roach  
  87  7:03  Roach, Queen  
  87  7:06  Zergling x2  
  87  7:08  Roach  
  94  7:10  Roach  
  94  7:13  Roach  
  98  7:20  Roach x2  
  90  7:23  Roach  
  90  7:26  Roach  
  90  7:28  Roach  
  87  7:30  Zergling x6  
  87  7:33  Roach  
  88  7:40  Roach  
  88  7:41  Queen  
  88  7:44  Roach x2  
  96  7:45  Roach  
  90  7:59  Roach  
  90  8:04  Roach x4  
  99  8:07  Roach  
  99  8:09  Queen  
  105  8:13  Roach x3  
  105  8:14  Roach  
  105  8:18  Roach  
  113  8:20  Roach  
  113  8:25  Extractor  
  113  8:26  Roach x2  
  118  8:31  Roach  
  120  8:38  Roach  
  120  8:39  Overlord  
  120  8:40  Overlord  
  122  8:56  Overlord  
  122  8:59  Lair  
  122  9:00  Drone  
  122  9:01  Drone x7  
  130  9:03  Ravager  
  130  9:04  Ravager  
  130  9:05  Roach  
  134  9:16  Roach x3  
  138  9:26  Roach x2  
  138  9:27  Roach x2, Extractor  
  138  9:29  Overlord x4  
  145  9:35  Drone  
  146  9:40  Overlord  
  146  9:44  Overlord  
  146  9:48  Ravager  
  146  9:49  Ravager  
  146  9:50  Roach  
  146  9:51  Roach x3  
  156  9:55  Drone x3  
  156  9:56  Ravager  
  156  9:58  Roach x2  
  164  10:00  Glial Reconstitution  
  164  10:07  Roach x3  
  164  10:11  Overlord  
  170  10:16  Overlord  
  170  10:20  Overlord  
  170  10:21  Overlord  
  170  10:23  Zerg Missile Weapons Level 2  
  170  10:31  Roach x4  
  170  10:35  Roach x2  
  182  10:38  Roach  
  182  10:40  Roach  
  182  10:42  Roach  
  188  10:44  Overseer  
  188  10:48  Roach x2  
  192  10:52  Roach  
  194  11:00  Roach x3  
  196  11:39  Roach x4  
  192  11:50  Extractor, Spire  
  192  11:51  Overlord x2  
  190  11:55  Overseer  
  190  11:58  Roach x2  
  194  12:04  Hatchery  
  194  12:06  Overlord  
  193  12:10  Overlord  
  193  12:19  Roach x3  
  193  12:20  Drone  
  194  12:38  Roach x3  
  198  13:01  Extractor  
  187  13:23  Mutalisk x6  
  193  13:33  Mutalisk x11  
  189  13:37  Roach  
  189  13:38  Roach x7  
  189  13:41  Roach x3  
  197  13:42  Roach  
  193  13:52  Roach x3  
Tags
 
Add a new tag
Caveats
  • Supply blocks, unpowered buildings, or Contaminate may cause inaccurate times.
  • Supply counts are checked every 10 seconds.